 Dungeon Crawl Stone Soup version 0.21-a0-203-gb066a6e (webtiles) character file.

96678 nikopol the Severer (level 15, -34/214 HPs)
             Began as a Minotaur Berserker on Aug 18, 2017.
             Was the Champion of Trog.
             Annihilated by an orc knight
             ... wielding a +0 battleaxe
              (40 damage)
             ... on level 2 of the Orcish Mines on Aug 19, 2017.
             The game lasted 01:14:24 (23891 turns).

nikopol the Severer (Minotaur Berserker)           Turns: 23891, Time: 01:14:26

Health: -34/214    AC: 23    Str: 28    XL:     15   Next: 69%
Magic:  14/14      EV: 13    Int:  4    God:    Trog [******]
Gold:   1841       SH:  5    Dex: 19    Spells: 14/14 levels left

rFire    . . .     SeeInvis .   a - +4 battleaxe of the Yoke {chop, Dex+4}
rCold    . . .     Gourm    .   (shield currently unavailable)
rNeg     . . .     Faith    .   D - +1 chain mail {rPois}
rPois    +         Spirit   .   h - +2 hat
rElec    .         Reflect  +   (no cloak)
rCorr    +         Harm     .   k - +0 pair of gloves
MR       +....                  U - +1 pair of boots
Stlth    ..........             u - +5 amulet of reflection
HPRegen  0.45/turn              O - ring of resist corrosion
MPRegen  0.14/turn              r - +4 ring of protection

@: berserking, drained, very quick
A: retaliatory headbutt, horns 2
a: Berserk, Trog's Hand, Brothers in Arms, Burn Spellbooks, Renounce Religion


You were on level 2 of the Orcish Mines.
You worshipped Trog.
Trog was exalted by your worship.
You were very hungry.

You visited 3 branches of the dungeon, and saw 23 of its levels.
You also visited: Ice Cave.

You collected 2225 gold pieces.
You spent 384 gold pieces at shops.

Inventory:

Hand Weapons
 a - the +4 battleaxe of the Yoke (weapon) {chop, Dex+4}
   (You bought it in a shop on level 10 of the Dungeon)

   It inflicts extra damage upon your enemies.
   It affects your dexterity (+4).
 z - a +5 longbow of freezing
 L - a +3 antimagic executioner's axe
Missiles
 p - 478 arrows (quivered)
Armour
 h - a +2 hat (worn)
 k - a +0 pair of gloves (worn)
 D - a +1 chain mail of poison resistance (worn)
 U - a +1 pair of boots (worn)
 Z - a +1 plate armour of magic resistance
Jewellery
 r - a +4 ring of protection (right hand)
 u - a +5 amulet of reflection (around neck)
 O - a ring of resist corrosion (left hand)
 W - the ring "Hallof" {Wiz rN+ Str+2}
   (You found it on level 1 of the Lair of Beasts)

   [ring of wizardry]

   It improves your spell success rate.
   It affects your strength (+2).
   It protects you from negative energy.
 X - an uncursed ring of flight
Wands
 b - a wand of iceblast (3/15)
 y - a wand of confusion (34/48)
 B - a wand of paralysis (19/24)
 Y - a wand of paralysis (9/24)
Scrolls
 d - 11 scrolls of magic mapping
 g - 2 scrolls of fear
 i - 2 scrolls of identify
 j - 6 scrolls of remove curse
 n - a scroll of fog
 v - 4 scrolls of blinking
 w - 4 scrolls of enchant armour
 K - 3 scrolls of recharging
 Q - 5 scrolls of teleportation
Potions
 e - 5 potions of might
 f - a potion of resistance
 l - a potion of haste
 m - 3 potions of heal wounds
 o - a potion of agility
 q - 4 potions of curing
 s - 3 potions of brilliance
 t - a potion of cancellation
 A - 2 potions of flight
 J - a potion of invisibility
 M - 2 potions of ambrosia
 N - 3 potions of magic
 T - 2 potions of mutation {unknown}
Comestibles
 c - 19 bread rations
 x - 10 royal jellies
 C - 5 meat rations
 E - 4 chunks of flesh


   Skills:
 + Level 15.9(15.6) Fighting
 + Level 17.6(17.3) Axes
 + Level 16.5(16.2) Bows
 + Level 12.4(12.1) Armour
 + Level 6.3(6.0) Dodging
 + Level 1.7(1.5) Stealth
 + Level 1.0(0.8) Evocations


You had 14 spell levels left.
You didn't know any spells.

Dungeon Overview and Level Annotations

Branches:
Dungeon (15/15)            Temple (0/1) D:4            Lair (6/6) D:10
  Swamp (0/4) Lair:4        Snake (0/4) Lair:4        Slime (0/5) Lair:6
    Orc (2/2) D:11            Elf (0/3) Orc:2        Vaults (0/5) D:13
 Depths (0/5) D:15

Altars:
Ashenzari
Dithmenos
Fedhas
Makhleb
Nemelex Xobeh
Okawaru
Ru
Trog
Xom

Shops:
D:5 (   D:10 (   Orc:2 !(((


Innate Abilities, Weirdness & Mutations

You reflexively headbutt those who attack you in melee.
You have a pair of horns on your head.


Message History

You block the ice devil's attack.
The orc knight roars a battlecry!
The orc knight goes into a battle-frenzy!
A red film seems to cover your vision as you go berserk!
You feel yourself moving faster!
You feel mighty!
You are feeling very hungry.
The sun demon completely misses you. You furiously retaliate!
You headbutt the sun demon, but do no damage.
The orc warrior hits you from afar with a glaive.
* * * LOW HITPOINT WARNING * * *
The ice devil closely misses you.
You closely miss the orc high priest. You headbutt the orc high priest!
The orc high priest is moderately wounded.
You closely miss the orc knight. You miss the sun demon.
You closely miss the ice devil. The sun demon hits you!
* * * LOW HITPOINT WARNING * * *
You are engulfed in flames!
* * * LOW HITPOINT WARNING * * *
The orc knight hits you with a battleaxe!!!
You die...

.................................
.....#...........................
#.....#..........................
.....#...........................
...........#####################.
...........####.......($ #.
...........##8..8..8..8. #.
...........#....43o.((.. #.
....[[[....))...@o.)..(. #.
...).[.....#.....oo..... #.
...........##8..8..8..8. #.
...........####......(.. #.
#..........#####################.
.........รท.......................
.................................
..#...........)..................
..#..............................


You could see 2 orc knights, an orc high priest, a sun demon, an ice devil and
an orc warrior.

Vanquished Creatures
  Frances (D:14)
  Azrael (D:12)
  A dire elephant (Lair:6)
  An ettin (D:15)
  3 vault guards (D:13)
  3 centaur warriors
  5 hydras
  A catoblepas (Lair:6)
  Erica (D:9)
  3 death yaks (Lair:6)
  An ogre mage (D:15)
  4 tengu warriors
  10 two-headed ogres
  3 orc high priests (Orc:2)
  A deep elf knight (D:13)
  A deep troll (D:15)
  A wizard (D:13)
  2 lindwurms (Lair:6)
  An obsidian statue (Lair:1)
  3 deep elf magi
  2 ugly things
  4 necromancers
  A wolf spider zombie (D:15)
  7 orc sorcerers
  A harpy (shapeshifter) (D:15)
  5 orc knights
  3 cyclopes
  2 manticores (Lair:6)
  13 elephants
  3 ice statues (IceCv)
  2 gargoyles
  2 torpor snails
  3 black mambas
  11 spiny frogs
  3 rime drakes (Lair:6)
  2 tengu conjurers (D:15)
  A kobold demonologist (D:13)
  6 komodo dragons
  8 ice devils (IceCv)
  3 meliai (D:15)
  5 trolls
  14 blink frogs
  2 polar bears
  2 hornets
  3 slime creatures (D:12)
  11 dream sheep
  14 hippogriffs
  A shadow (D:11)
  3 wyverns
  A wraith (D:11)
  43 yaks
  9 spriggans (Lair:4)
  2 vampires (D:15)
  5 basilisks
  A fire elemental (D:12)
  17 humans (D:13)
  2 hungry ghosts
  2 chaos spawn (D:11)
  2 vampire mosquitoes (D:15)
  3 wargs
  3 nagas (Lair:4)
  6 swamp worms (Lair:4)
  A soldier ant (D:15)
  3 hell hounds (D:12)
  An acid dragon (D:15)
  11 porcupines
  10 water moccasins
  22 orc warriors
  2 sky beasts (D:12)
  3 black bears
  2 necrophages
  3 phantoms
  9 ogres
  11 wolves
  14 centaurs
  2 boggarts (Lair:4)
  9 crocodiles
  A big kobold (D:10)
  24 bullfrogs
  A water moccasin zombie (D:8)
  3 wyvern skeletons
  9 jellies
  A scorpion (D:14)
  9 killer bees
  A howler monkey (D:8)
  6 wights
  2 electric eels
  3 centaur zombies
  7 crimson imps
  2 bullfrog zombies
  5 hounds
  14 orc priests
  6 centaur skeletons
  2 iguanas
  21 orc wizards
  4 troll simulacra (IceCv)
  12 worker ants
  2 centaur simulacra (IceCv)
  A hound zombie (D:8)
  2 hound skeletons
  2 naga simulacra (IceCv)
  10 adders
  2 ogre simulacra (IceCv)
  5 shadow imps
  12 white imps (D:14)
  An ooze (D:7)
  An adder skeleton (D:6)
  2 worms (D:2)
  2 dart slugs (D:1)
  5 leopard geckos
  65 orcs
  6 bats
  4 giant cockroaches
  8 goblins
  7 hobgoblins
  3 jackals (D:6)
  2 quokkas
  A ball python skeleton (D:4)
  A frilled lizard (D:2)
  A jackal zombie (D:5)
  9 kobolds
  A leopard gecko zombie (D:6)
  9 rats
  A bush (Lair:1)
  4 fungi
  A plant (Lair:6)
686 creatures vanquished.

Vanquished Creatures (collateral kills)
  3 spriggans (Lair:4)
  An orc knight (Orc:2)
  An orc sorcerer (Orc:2)
  2 hornets (Lair:4)
  A crocodile (Lair:4)
8 creatures vanquished.

Vanquished Creatures (others)
  A boggart (Lair:4)
  A quokka (D:12)
  2 fungi
  4 plants (Lair:4)
8 creatures vanquished.

Grand Total: 702 creatures vanquished

Notes
Turn   | Place    | Note
-------+----------+-------------------------------------------
     0 | D:1      | nikopol the Minotaur Berserker began the quest for the Orb.
     0 | D:1      | Reached XP level 1. HP: 19/19 MP: 0/0
   121 | D:1      | Reached XP level 2. HP: 16/27 MP: 1/1
   183 | D:1      | Reached skill level 4 in Axes
   505 | D:2      | Reached XP level 3. HP: 33/33 MP: 2/2
   905 | D:2      | Reached ** piety under Trog
  1010 | D:2      | You fall through a shaft!
  1607 | D:3      | Reached XP level 4. HP: 38/41 MP: 3/3
  2240 | D:4      | Found a staircase to the Ecumenical Temple.
  2365 | D:4      | Reached skill level 5 in Axes
  2399 | D:4      | Reached XP level 5. HP: 47/47 MP: 4/4
  2725 | D:5      | Entered Level 5 of the Dungeon
  2725 | D:5      | Noticed a centaur
  2733 | D:5      | Killed a centaur
  2739 | D:5      | Reached skill level 6 in Axes
  2739 | D:5      | Reached XP level 6. HP: 13/55 MP: 5/5
  3021 | D:5      | Reached skill level 5 in Fighting
  3110 | D:5      | Found Loffaewi's Antique Weapon Shoppe.
  3127 | D:5      | Bought a glowing hand axe for 120 gold pieces
  3154 | D:5      | Found a sacrificial altar of Ru.
  3299 | D:5      | Reached *** piety under Trog
  3364 | D:5      | Reached skill level 5 in Armour
  3625 | D:6      | Found a bloodstained altar of Trog.
  3644 | D:6      | Reached skill level 1 in Bows
  3644 | D:6      | Reached XP level 7. HP: 8/61 MP: 6/6
  3935 | D:6      | Found a bloodstained altar of Trog.
  4023 | D:6      | Reached skill level 7 in Axes
  4417 | D:6      | Reached XP level 8. HP: 53/69 MP: 7/7
  4756 | D:6      | Reached skill level 5 in Bows
  5639 | D:7      | Found an iron altar of Okawaru.
  5654 | D:7      | Noticed a hippogriff
  5663 | D:7      | Killed a hippogriff
  5663 | D:7      | Reached skill level 8 in Axes
  6407 | D:7      | Found a sparkling altar of Nemelex Xobeh.
  6482 | D:8      | Found a shadowy altar of Dithmenos.
  6482 | D:8      | Found an iron altar of Okawaru.
  6762 | D:8      | Reached XP level 9. HP: 78/78 MP: 8/8
  6763 | D:8      | Upgraded the game from 0.21-a0-201-g8501b10 to 0.21-a0-203-gb066a6e
  7180 | D:8      | Reached **** piety under Trog
  7426 | D:9      | Noticed Erica
  7446 | D:9      | Killed Erica
  7446 | D:9      | Reached skill level 9 in Axes
  7446 | D:9      | Reached XP level 10. HP: 20/88 MP: 9/9
  7457 | D:9      | HP: 4/88 [poisoned by Erica (bolt of poison)]
  7462 | D:9      | HP: 3/88 [poisoned by Erica (bolt of poison)]
  7468 | D:9      | HP: 3/88 [poisoned by Erica (bolt of poison)]
  7473 | D:9      | HP: 3/88 [poisoned by Erica (bolt of poison)]
  7902 | D:9      | Found a shattered altar of Ashenzari.
  7902 | D:9      | Noticed a two-headed ogre
  7906 | D:9      | Killed a two-headed ogre
  8019 | D:9      | Found a burning altar of Makhleb.
  8100 | D:9      | Reached skill level 10 in Bows
  8103 | D:9      | Reached skill level 1 in Stealth
  8367 | D:10     | Entered Level 10 of the Dungeon
  8367 | D:10     | Found Xosar's Antique Weapon Emporium.
  8380 | D:10     | Bought a scorched battleaxe for 264 gold pieces
  8405 | D:10     | Identified the +4 battleaxe of the Yoke {chop, Dex+4} (You bought it in a shop on level 10 of the Dungeon)
  8562 | D:10     | Noticed a two-headed ogre
  8571 | D:10     | Killed a two-headed ogre
  8592 | D:10     | Found a staircase to the Lair.
  8735 | D:10     | Reached skill level 10 in Axes
  8930 | D:10     | Noticed a two-headed ogre
  8940 | D:10     | Killed a two-headed ogre
  8940 | D:10     | Reached XP level 11. HP: 72/97 MP: 10/10
  9208 | Lair:1   | Entered Level 1 of the Lair of Beasts
  9359 | Lair:1   | Received a gift from Trog
  9415 | Lair:1   | Reached skill level 10 in Fighting
  9572 | Lair:1   | Reached ***** piety under Trog
  9665 | Lair:1   | Received a gift from Trog
  9674 | Lair:1   | Reached skill level 11 in Axes
 10169 | Lair:1   | Identified The Arcane Secrets of Spellcasting
 10169 | Lair:1   | Noticed an obsidian statue
 10170 | Lair:1   | Noticed a sixfirhy
 10181 | Lair:1   | Killed an obsidian statue
 10200 | Lair:1   | Got a steaming iron ring
 10223 | Lair:1   | Identified the ring "Hallof" {Wiz rN+ Str+2} (You found it on level 1 of the Lair of Beasts)
 10409 | Lair:2   | Received a gift from Trog
 10464 | Lair:2   | Reached skill level 1 in Evocations
 10703 | Lair:2   | Noticed a six-headed hydra
 10717 | Lair:2   | Reached skill level 12 in Axes
 10720 | Lair:2   | Reached XP level 12. HP: 104/108 MP: 11/11
 10754 | Lair:2   | Killed a six-headed hydra
 11010 | Lair:2   | Received a gift from Trog
 11361 | Lair:3   | Reached skill level 10 in Armour
 12157 | Lair:4   | Received a gift from Trog
 12157 | Lair:4   | Reached skill level 5 in Dodging
 12163 | Lair:4   | Reached skill level 13 in Axes
 12304 | Lair:4   | Found a staircase to the Snake Pit.
 12585 | Lair:4   | Noticed a four-headed hydra
 12589 | Lair:4   | Killed a four-headed hydra
 12630 | Lair:4   | Reached XP level 13. HP: 107/119 MP: 12/12
 12636 | Lair:4   | Reached skill level 14 in Axes
 12950 | Lair:4   | Received a gift from Trog
 13269 | Lair:4   | Found a staircase to the Swamp.
 13482 | Lair:5   | Received a gift from Trog
 14015 | Lair:6   | Entered Level 6 of the Lair of Beasts
 14475 | Lair:6   | Reached skill level 15 in Axes
 14709 | Lair:6   | Found a staircase to the Slime Pits.
 15078 | Lair:6   | Reached XP level 14. HP: 97/130 MP: 13/13
 15966 | D:11     | Received a gift from Trog
 16073 | D:11     | Found a staircase to the Orcish Mines.
 16227 | D:11     | Found the +3 mace of Variability {chaos}
 16252 | D:11     | Reached skill level 16 in Axes
 16261 | D:11     | Found a shimmering altar of Xom.
 16997 | D:12     | Noticed Azrael
 17015 | D:12     | Killed Azrael
 17015 | D:12     | Reached skill level 15 in Bows
 17494 | D:13     | Received a gift from Trog
 17614 | D:13     | Found a gate to the Vaults.
 17813 | D:13     | Got a wavering wooden ring
 17883 | D:13     | Received a gift from Trog
 18304 | D:14     | Found a frozen archway.
 18346 | IceCv    | Entered an ice cave
 18430 | IceCv    | Reached skill level 17 in Axes
 18820 | IceCv    | Found the +8 whip "Snakebite" {curare, rPois}
 18844 | IceCv    | Got a bloodstained shortbow
 18845 | IceCv    | Identified the +2 shortbow of Onacie {flame, Str+2} (You found it in an ice cave)
 18954 | D:14     | Noticed Frances
 18964 | D:14     | Killed Frances
 18964 | D:14     | Reached skill level 15 in Fighting
 18964 | D:14     | Reached XP level 15. HP: 93/141 MP: 14/14
 19657 | D:15     | Entered Level 15 of the Dungeon
 19661 | D:15     | Found a blossoming altar of Fedhas.
 19902 | D:15     | Identified the ring "Ugahin" {MP+9 Int+4} (You found it on level 13 of the Dungeon)
 19952 | D:15     | Received a gift from Trog
 20875 | D:15     | Found a staircase to the Depths.
 21214 | D:15     | Received a gift from Trog
 21797 | Orc:1    | Entered Level 1 of the Orcish Mines
 22146 | Orc:2    | Entered Level 2 of the Orcish Mines
 22308 | Orc:2    | Reached ****** piety under Trog
 22604 | Orc:2    | Found a runed door.
 22650 | Orc:2    | Found a staircase to the Elven Halls.
 22695 | Orc:2    | Paralysed by an orc sorcerer for 6 turns
 22717 | Orc:2    | Found Serapp's Antique Weapon Emporium.
 23155 | Orc:2    | Paralysed by an orc sorcerer for 6 turns
 23720 | Orc:2    | Found Beuheh's Distillery.
 23722 | Orc:2    | Found Mosunty's Antique Weapon Boutique.
 23722 | Orc:2    | Found Feuttael's Antique Weapon Boutique.
 23881 | Orc:2    | Received a gift from Trog
 23891 | Orc:2    | HP: 6/214 [sun demon[an orc high priest] (14)]
 23891 | Orc:2    | Annihilated by an orc knight

Vault maps used:
D:1:      minmay_arrival_open_corners
D:2:      serial_co_window_serial, co_window_paths_a,
          co_window_of_opportunity_a, co_window_corner_a, co_window_paths_b,
          co_window_paths_b, co_window_2corner, co_window_unsneaky_path_d,
          co_window_corner_cb, co_window_unsneaky_path_a, glass_columns_c,
          glass_columns_c, glass_columns_a, corexii_hall_statues_s,
          kennysheep_flooded_box, minmay_liquid_box
D:4:      minmay_temple_entry_butterflies
D:5:      first_bread, serial_shops, nicolae_shop_statue_plus,
          nicolae_ru_awakened_eye
D:6:      kennysheep_mini_moat, trog_three_pillars_becter
D:7:      nemelex_xobeh_ov_fountains_minmay, grunt_ogre_cave,
          okawaru_metal_pillars_1_2
D:8:      chequers_temple_overflow_statue_of_worship
D:9:      kennysheep_little_box, overflow_temple_1_default, uniq_erica
D:10:     lair_entry_dummy, serial_shops, shop
D:11:     erik_orc_3, minmay_guarded_unrand_variability
D:12:     uniq_azrael
D:13:     grunt_vaults_entry_tiered, st_stairs_13, kennysheep_doodads
D:14:     portal_ice_cave_entry_imps, uniq_frances
D:15:     hangedman_depths_entry_civil_slaughter, basic_altar, nrook_uturn
Lair:1:   statuecave_lemuel
Lair:3:   beast_lair_carwin_2
Lair:4:   kb_forest_paths, nicolae_swamp_entry_splash_gauntlet,
          guppyfry_snake_entry_garden
Lair:6:   hangedman_lair_in_review, minmay_slime_entry_pillars
Orc:2:    st_orc_elflike, lightli_church_of_beogh
IceCv:    ice_cave_tombish

Skill      XL: |  1  2  3  4  5  6  7  8  9 10 11 12 13 14 15 |
---------------+----------------------------------------------+-----
Axes           | 4 5 6 7 8 9 10 12 13 15 17 | 17.6
Fighting       | 4 5 6 7 9 10 12 13 15 | 15.9
Armour         | 3 4 5 6 8 9 10 11 12 | 12.4
Dodging        | 3 4 5 6 |  6.3
Bows           | 1 4 6 9 11 12 13 14 15 16 | 16.5
Stealth        | 1 |  1.7
Evocations     | 1 |  1.0

Action                   |  1- 3 |  4- 6 |  7- 9 | 10-12 | 13-15 || total
-------------------------+-------+-------+-------+-------+-------++-------
Melee: Hand axe          |    70 |    81 |   130 |    28 |       ||   309
       Headbutt          |     7 |    18 |    24 |    71 |   141 ||   261
       Battleaxe         |       |       |       |   236 |   517 ||   753
 Fire: Shortbow          |       |    27 |   173 |   280 |       ||   480
       Longbow           |       |       |       |    39 |   668 ||   707
Invok: Berserk           |       |       |     2 |     2 |     7 ||    11
       Burn Spellbooks   |       |       |       |     3 |       ||     3
       Brothers in Arms  |       |       |       |     2 |     1 ||     3
 Abil: Evoke Flight      |       |       |       |     2 |       ||     2
       Stop Flying       |       |       |       |     1 |       ||     1
  Use: Scroll            |       |       |       |    10 |    31 ||    41
       Potion            |       |       |       |       |     1 ||     1
 Stab: Petrified         |       |       |       |       |     3 ||     3
       Paralysed         |       |       |       |       |     1 ||     1
  Eat: Chunk             |     2 |     6 |    12 |    10 |    36 ||    66
       Fruit             |       |       |     1 |       |       ||     1
       Meat ration       |       |       |       |     2 |     1 ||     3
Armor: Scale mail        |    31 |    38 |    95 |       |       ||   164
       Chain mail        |       |       |    16 |   177 |   373 ||   566
Dodge: Dodged            |    43 |    63 |    80 |   161 |   309 ||   656
Block: Other             |       |       |       |       |    38 ||    38
       Reflection        |       |       |       |       |     4 ||     4
